 Dungeon Crawl Stone Soup version 0.27-a0-906-g0a00ce863d (webtiles) character file.

Game seed: 13245302678427097231

130 jasper the Stinger (level 4, -2/21 HPs)
             Began as a Spriggan Venom Mage on Apr 6, 2021.
             Killed from afar by a white imp (15 damage)
             ... with a puff of frost
             ... on level 5 of the Dungeon.
             The game lasted 00:04:21 (1784 turns).

jasper the Stinger (Spriggan Venom Mage)            Turns: 1784, Time: 00:04:22

Health: -2/21      AC:  2    Str:  4    XL:     4   Next: 90%
Magic:  4/9        EV: 17    Int: 17    God:
Gold:   97         SH:  0    Dex: 15    Spells: 1/8 levels left

rFire    . . .     SeeInvis +   h - +2 mace (venom)
rCold    . . .     Faith    .   (shield restricted)
rNeg     . . .     Spirit   .   a - +0 robe
rPois    .         Reflect  .   (helmet restricted)
rElec    .         Harm     .   (no cloak)
rCorr    .         Rampage  .   (gloves unavailable)
Will     .....                  (boots unavailable)
Stlth    ++........             (no amulet)
HPRegen  0.07/turn              (no ring)
MPRegen  0.11/turn              (no ring)

@: very slightly contaminated, very quick
A: very small, no large weapons, unfitting armour, see invisible, speed 3
a: no special abilities


You were on level 5 of the Dungeon.
You visited 1 branch of the dungeon, and saw 5 of its levels.

You collected 97 gold pieces.

Inventory:

Hand Weapons
 h - a +2 mace of venom (weapon)
Missiles
 d - a throwing net
Armour
 a - a +0 robe (worn)
Scrolls
 c - a scroll of magic mapping {unknown}
 e - a scroll of teleportation {unknown}
Potions
 b - a potion of degeneration {unknown}
 f - a potion of haste {unknown}
 g - a potion of curing {unknown}


   Skills:
 - Level 2.6 Dodging
 - Level 3.0 Stealth
 - Level 2.6 Spellcasting
 + Level 4.2 Transmutations
 * Level 4.6 Poison Magic


You had one spell level left.
You knew the following spells:

 Your Spells              Type           Power      Damage    Failure   Level
a - Sting                 Tmut/Pois      68%        1d6       3%          1
b - Ignite Poison         Fire/Tmut/Pois 12%        N/A       16%         3
c - Mephitic Cloud        Conj/Pois/Air  7%         N/A       28%         3

Your spell library contained the following spells:

 Spells                   Type           Power      Damage    Failure   Level
 Poisonous Vapours        Pois/Air       20%        N/A       11%         2
 Olgreb's Toxic Radiance  Pois           18%        N/A       26%         4


Dungeon Overview and Level Annotations

Branches:
Dungeon (5/15)
 Temple: D:4-7

Altars:
Nemelex Xobeh

Annotations:
D:4 Pikel


Innate Abilities, Weirdness & Mutations

You are very small and have problems with some larger weapons.
You are too small for most types of armour.
You have supernaturally acute eyesight. (SInv)
You cover ground extremely quickly. (Speed+++)


Message History

A white imp is nearby!
Aiming: Sting (safe; 3% risk of failure)
Press: ? - help, Q - select action, (/) - cycle Shift-Dir - straight line, f - white imp
Aim: a white imp (26% to evade)
You miscast Sting.
You are very lightly contaminated with residual magic.
Nothing appears to happen.
You now have 8/9 mp.
Aiming: Sting (safe; 3% risk of failure)
Press: ? - help, Q - select action, (/) - cycle Shift-Dir - straight line, f/p - white imp
Aim: a white imp (26% to evade)
The sting hits the white imp.
The white imp partially resists.
The white imp is moderately wounded.
The white imp gestures at you. The puff of frost hits you!
You take 8 damage, and have 13/21 hp.
MASSIVE DAMAGE!!
You now have 7/9 mp.
Aiming: Sting (safe; 3% risk of failure)
Press: ? - help, Q - select action, (/) - cycle Shift-Dir - straight line, f/p - white imp
Aim: a white imp (moderately wounded, 26% to evade)
You miscast Sting.
Nothing appears to happen.
The white imp gestures at you. The puff of frost misses you.
You now have 6/9 mp.
Aiming: Sting (safe; 3% risk of failure)
Press: ? - help, Q - select action, (/) - cycle Shift-Dir - straight line, f/p - white imp
Aim: a white imp (moderately wounded, 26% to evade)
The sting hits the white imp but does no damage.
The white imp is poisoned.
The white imp is moderately wounded.
You now have 5/9 mp.
Aiming: Sting (safe; 3% risk of failure)
Press: ? - help, Q - select action, (/) - cycle Shift-Dir - straight line, f/p - white imp
Aim: a white imp (heavily wounded, poisoned, 26% to evade)
The sting hits the white imp.
The white imp partially resists.
The white imp looks even sicker.
The white imp is heavily wounded.
The white imp gestures at you. The puff of frost hits you!
Ouch! That really hurt!
You die...

### ...
#.# #.# #
#.# #
#.##.##.#
#....<..#
####@####
#....5..#
#.##.##.#
# #.. ..
### #.# #


You could see a white imp (very poisoned).

Vanquished Creatures
  2 lemures (D:4)
  An orc priest (D:3)
  4 gnolls (D:2)
  2 adders
  A worm (D:3)
  2 dart slugs (D:2)
  2 orcs (D:3)
  2 bats
  7 endoplasms
  2 giant cockroaches
  A goblin (D:2)
  2 hobgoblins (D:1)
  3 jackals (D:2)
  2 kobolds
  3 ball pythons
36 creatures vanquished.

Notes
Turn   | Place    | Note
-------+----------+-------------------------------------------
     0 | D:1      | jasper the Spriggan Venom Mage began the quest for the Orb.
     0 | D:1      | Reached XP level 1. HP: 9/9 MP: 5/5
    80 | D:1      | You fall into a shaft and drop 1 floor!
   117 | D:2      | Reached XP level 2. HP: 13/13 MP: 0/6
   218 | D:2      | Reached XP level 3. HP: 15/16 MP: 1/8
   315 | D:2      | Learned a level 3 spell: Ignite Poison
   319 | D:2      | Learned a level 3 spell: Mephitic Cloud
   404 | D:2      | Reached XP level 4. HP: 20/21 MP: 0/9
   750 | D:2      | Found a sparkling altar of Nemelex Xobeh.
  1353 | D:4      | Noticed a lemure
  1375 | D:4      | Killed a lemure
  1516 | D:4      | Noticed a lemure
  1518 | D:4      | Noticed a lemure
  1522 | D:4      | Noticed Pikel
  1527 | D:4      | Killed a lemure
  1536 | D:4      | Noticed a lemure
  1541 | D:4      | Noticed a bullfrog
  1546 | D:5      | Entered Level 5 of the Dungeon
  1784 | D:5      | Killed from afar by a white imp

Illustrated notes

Levels and vault maps discovered:
D:1:      psy_arrival_dodecagon, layout_basic, ebering_ecumenical_altar_ruins
D:2:      layout_basic, basic_altar
D:3:      layout_basic
D:4:      layout_rooms, elyvilon_altar_1, temple_green, gammafunk_ghost_arena,
          uniq_pikel
D:5:      layout_loops_cross, serial_shops, nicolae_shop_trees, fountainhead,
          kb_lookout_dungeons_type, kennysheep_generic_room_7, uniq_edmund

Skill      XL: |  1  2  3  4 |
---------------+-------------+-----
Transmutations | 2 3 4 |  4.2
Poison Magic   | 4 |  4.6
Dodging        | |  2.6
Stealth        | |  3.0
Spellcasting   | |  2.6

Action                   |  1- 3 |  4- 6 || total
-------------------------+-------+-------++-------
Melee: Unarmed           |     2 |       ||     2
       Mace              |       |     5 ||     5
 Cast: Sting             |    33 |    51 ||    84
       Mephitic Cloud    |       |     1 ||     1
       Ignite Poison     |       |     1 ||     1
Dodge: Dodged            |    25 |    13 ||    38

Table legend: (Time is in decaauts)
 A = Elapsed time spent in this place.
 B = Non-inter-level travel time spent in this place.
 C = Inter-level travel time spent in this place.
 D = Time resting spent in this place.
 E = Time spent auto-exploring this place.
 F = Levels seen in this place.
 G = Mean time per level.
                   A        B        C        D        E       F      G
               +--------+--------+--------+--------+--------+-----+--------+
         Total |   1541 |   1529 |     12 |    414 |    754 |   5 |  308.2 |
       Dungeon |   1541 |   1529 |     12 |    414 |    754 |   5 |  308.2 |
               +--------+--------+--------+--------+--------+-----+--------+

Top non-repeatable levels by time:
     D:2: 548 daAuts
     D:3: 444 daAuts
     D:4: 242 daAuts
     D:5: 237 daAuts
     D:1: 69 daAuts
